[ AOE2 MATCH · #473311981 ]
UnrankedMagyars vs Bengalis
[ REPLAY ANALYSIS · EXTRACTED FROM THE RECORDED GAME ]
Feudal
—
Castle
—
Imperial
—
| APM avg | 28.7 |
| APM peak | 31 |
| eAPM avg | 9.8 |
| Villagers / military | 4 / 0 |
Focus
⚔️ 10.0% · 🌾 90.0%
Feudal
—
Castle
—
Imperial
—
| APM avg | 86.9 |
| APM peak | 93 |
| eAPM avg | 21.2 |
| Villagers / military | 5 / 0 |
Focus
⚔️ 34.6% · 🌾 65.4%
Feudal
—
Castle
—
Imperial
—
| APM avg | 39.3 |
| APM peak | 51 |
| eAPM avg | 8.3 |
| Villagers / military | 5 / 0 |
Focus
⚔️ 0.0% · 🌾 100.0%
Feudal
—
Castle
—
Imperial
—
| APM avg | 61.2 |
| APM peak | 81 |
| eAPM avg | 24.2 |
| Villagers / military | 4 / 0 |
Focus
⚔️ 0.0% · 🌾 100.0%
Feudal
—
Castle
—
Imperial
—
| APM avg | 77.1 |
| APM peak | 83 |
| eAPM avg | 15.1 |
| Villagers / military | 4 / 0 |
Focus
⚔️ 40.0% · 🌾 60.0%
Feudal
—
Castle
—
Imperial
—
| APM avg | 62.7 |
| APM peak | 64 |
| eAPM avg | 9.8 |
| Villagers / military | 5 / 0 |
Focus
⚔️ 0.0% · 🌾 100.0%
Feudal
—
Castle
—
Imperial
—
| APM avg | 75.6 |
| APM peak | 78 |
| eAPM avg | 33.2 |
| Villagers / military | 5 / 0 |
Focus
⚔️ 59.5% · 🌾 40.5%
Feudal
—
Castle
—
Imperial
—
| APM avg | 24.2 |
| APM peak | 32 |
| eAPM avg | 8.3 |
| Villagers / military | 2 / 0 |
Focus
⚔️ 0.0% · 🌾 100.0%
Match map
Initial resources + every placement click. Lines = walls · curves = elevation contours. ◆ gold · ⬟ stone · ● berries · ✦ relic · ◌ wall gap
Your base
别西卜's base
[BÜN] Mr. Grüezi's base
旋律's base
帝宝可爱捏's base
Vepu's base
智力老猪's base
一剑扫秋风nelson's base
Smoothed initial terrain · ◌ = detected wall gap · hover for details
Inputs per minute
— Tam nsnd - - 别西卜
Build order — Tam nsnd
4 actions detected in the replay
| 0:01 | Create | Villager (Male) |
| 0:04 | Build | House |
| 0:06 | Build | House |
| 0:09 | Create | Villager (Male) ×3 |
Build order — 别西卜
7 actions detected in the replay
| 0:01 | Create | Villager (Male) |
| 0:01 | Create | Villager (Male) |
| 0:02 | Build | House |
| 0:03 | Build | House |
| 0:17 | Create | Villager (Male) |
| 0:17 | Create | Villager (Male) |
| 0:17 | Create | Villager (Male) |
Build order — [BÜN] Mr. Grüezi
4 actions detected in the replay
| 0:02 | Create | Villager (Male) ×4 |
| 0:03 | Create | Villager (Male) |
| 0:05 | Build | House |
| 0:07 | Build | House |
Build order — 旋律
6 actions detected in the replay
| 0:00 | Create | Villager (Male) |
| 0:01 | Create | Villager (Male) |
| 0:02 | Build | House |
| 0:03 | Build | House |
| 0:08 | Create | Villager (Male) |
| 0:13 | Create | Villager (Male) |
Build order — 帝宝可爱捏
6 actions detected in the replay
| 0:00 | Create | Villager (Male) |
| 0:01 | Create | Villager (Male) |
| 0:01 | Create | Villager (Male) |
| 0:01 | Create | Villager (Male) |
| 0:02 | Build | House |
| 0:03 | Build | House |
Build order — Vepu
8 actions detected in the replay
| 0:01 | Create | Villager (Male) |
| 0:02 | Build | House |
| 0:03 | Build | House |
| 0:06 | Build | House |
| 0:07 | Create | Villager (Male) |
| 0:14 | Create | Villager (Male) |
| 0:14 | Create | Villager (Male) |
| 0:14 | Create | Villager (Male) |
Build order — 智力老猪
8 actions detected in the replay
| 0:00 | Create | Villager (Male) |
| 0:00 | Create | Villager (Male) |
| 0:02 | Build | House |
| 0:03 | Build | House |
| 0:08 | Create | Villager (Male) |
| 0:12 | Create | Villager (Male) |
| 0:12 | Create | Villager (Male) |
| 0:54 | Build | Lumber Camp |
Build order — 一剑扫秋风nelson
4 actions detected in the replay
| 0:02 | Create | Villager (Male) |
| 0:04 | Build | House |
| 0:06 | Build | House |
| 0:13 | Create | Villager (Male) |
Match timeline
| 0:47 | 一剑扫秋风nelson · resign |
[ AI ANALYSIS · 1 CREDIT ]
What really happened in this match?
Wolo.gg analyzes every decision: build order, eco, micro, common mistakes by bracket. Personalized analysis on WhatsApp or Discord in 30 seconds.
Civ guide
Magyars
Perfil
Jugador #15656417